 Dungeon Crawl Stone Soup version 0.27-a0-887-gcab673c142 (webtiles) character file.

Game seed: 7723323754165810053

111173 timneilson the Peltast (level 16, -2/99 HPs)
             Began as a Gargoyle Fighter on Apr 4, 2021.
             Was a High Priest of Okawaru.
             Killed by divine providence
             ... invoked by a meliai
              (12 damage)
             ... on level 12 of the Dungeon.
             The game lasted 00:48:32 (22183 turns).

timneilson the Peltast (Gargoyle Fighter)          Turns: 22183, Time: 00:48:32

Health: -2/99      AC: 46    Str: 35    XL:     16   Next: 57%
Magic:  23/23      EV:  9    Int: 11    God:    Okawaru [*****.]
Gold:   1664       SH: 18    Dex: 12    Spells: 15/15 levels left

rFire    . . .     SeeInvis +   k - +4 double sword (flame)
rCold    + . .     Faith    .   c - +1 kite shield
rNeg     + . .     Spirit   .   R - +0 crystal plate armour
rPois    ∞         Reflect  .   P - +0 helmet
rElec    +         Harm     .   y - +0 cloak
rCorr    +         Rampage  .   d - +0 pair of gloves of Inquiry {rCorr Dex+3}
Will     +....                  m - +0 pair of boots
Stlth    ..........             (no amulet)
HPRegen  0.26/turn              j - +6 ring of strength
MPRegen  0.18/turn              o - ring "Koatirid" {rC+ Str+4 Slay+3 SInv}

@: heroic, flying, studying Shields
A: AC +12, big wings, negative energy resistance 1, electricity resistance,
torment resistance 1, unbreathing 1, petrification resistance
a: Renounce Religion, Heroism, Finesse


You were on level 12 of the Dungeon.
You worshipped Okawaru.
Okawaru was extremely pleased with you.
You visited 4 branches of the dungeon, and saw 21 of its levels.
You also visited: Bailey.

You collected 3816 gold pieces.
You spent 2152 gold pieces at shops.

Inventory:

Hand Weapons
 k - a +4 double sword of flaming (weapon)
 Q - the +11 falchion "Zoymano" {drain, +Inv}
   (Okawaru gifted it to you on level 3 of the Lair of Beasts)

   A truly terrible weapon, it drains the life of those it strikes.
   It lets you turn invisible.
Missiles
 F - a curare-tipped dart (quivered)
Armour
 c - a +1 kite shield (worn)
 d - the +0 pair of gloves of Inquiry (worn) {rCorr Dex+3}
   (You acquired it on level 5 of the Dungeon)

   It affects your dexterity (+3).
   It protects you from acid and corrosion.
 m - a +0 pair of boots (worn)
 y - a +0 cloak (worn)
 P - a +0 helmet (worn)
 R - a +0 crystal plate armour (worn)
Jewellery
 e - a ring of resist corrosion
 j - a +6 ring of strength (left hand)
 o - the ring "Koatirid" (right hand) {rC+ Str+4 Slay+3 SInv}
   (You bought it in a shop on level 2 of the Orcish Mines)

   [ring of see invisible]

   It affects your strength (+4).
   It affects your accuracy and damage with ranged weapons and melee attacks
   (+3).
   It protects you from cold.
   It lets you see invisible.
 x - a ring of see invisible
 G - a ring of fire
 M - a ring of protection from fire
Wands
 n - a wand of digging (5)
 q - a wand of mindburst (19)
 t - a wand of paralysis (11)
 z - a wand of iceblast (42)
 J - a wand of acid (19)
 L - a wand of polymorph (6)
 O - a wand of flame (33)
Scrolls
 a - 2 scrolls of amnesia
 b - 9 scrolls of enchant weapon
 r - a scroll of silence
 s - 11 scrolls of enchant armour
 u - a scroll of fear
 A - 8 scrolls of teleportation
 B - a scroll of holy word
 D - 2 scrolls of summoning
 E - 4 scrolls of magic mapping
 H - 9 scrolls of identify
 I - a scroll of fog
Potions
 f - 3 potions of resistance
 g - 2 potions of lignification
 h - 3 potions of curing
 i - 2 potions of ambrosia
 l - 3 potions of attraction
 p - 4 potions of invisibility
 v - 5 potions of berserk rage
 w - 8 potions of haste
 K - a potion of cancellation
 S - 3 potions of might
 T - a potion of mutation {unknown}
Miscellaneous
 C - a lightning rod (4/4)
 N - a tin of tremorstones (2/2)


   Skills:
 + Level 10.9(15.9) Fighting
 * Level 12.4(17.4) Long Blades
 * Level 14.6(19.6) Armour
 * Level 15.7(20.7) Shields
 + Level 10.2 Invocations
 + Level 8.5 Evocations


You had 15 spell levels left.
You didn't know any spells.
Your spell library contained the following spells:

 Spells                   Type           Power      Damage    Failure   Level
 Animate Skeleton         Necr           0%         N/A       95%         1
 Magic Dart               Conj           0%         1d3       95%         1
 Pain                     Necr           0%         1d4       95%         1
 Summon Small Mammal      Summ           0%         N/A       95%         1
 Blink                    Tloc           N/A        N/A       99%         2
 Call Imp                 Summ           0%         N/A       99%         2
 Slow                     Hex            0%         N/A       99%         2
 Call Canine Familiar     Summ           0%         N/A       100%        3
 Conjure Flame            Conj/Fire      0%         6-21      100%        3
 Gell's Gravitas          Tloc           0%         N/A       100%        3
 Lesser Beckoning         Tloc           0%         N/A       100%        3
 Mephitic Cloud           Conj/Pois/Air  0%         N/A       100%        3
 Summon Guardian Golem    Hex/Summ       0%         N/A       100%        3
 Teleport Other           Tloc           0%         N/A       100%        3
 Vampiric Draining        Necr           0%         2d6       100%        3
 Animate Dead             Necr           0%         N/A       100%        4
 Summon Ice Beast         Ice/Summ       0%         N/A       100%        4
 Summon Lightning Spire   Summ/Air       0%         N/A       100%        4
 Agony                    Necr           0%         N/A       100%        5
 Manifold Assault         Tloc           0%         N/A       100%        5


Dungeon Overview and Level Annotations

Branches:
Dungeon (12/15)            Temple (1/1) D:4            Lair (6/6) D:8
  Swamp (0/4) Lair:2        Snake (0/4) Lair:2        Slime (0/5) Lair:6
    Orc (2/2) D:11            Elf (0/3) Orc:2        Bailey (visited)

Altars:
Ashenzari
Cheibriados
Dithmenos
Elyvilon
Fedhas
Gozag
Hepliaklqana
Kikubaaqudgha
Makhleb
Nemelex Xobeh
Okawaru
Qazlal
Ru
Sif Muna
Trog
Uskayaw
Vehumet
Wu Jian
Xom
Yredelemnul
Zin
The Shining One
Beogh

Shops:
D:3 [   D:8 *   D:10 *   Orc:2 =!??


Innate Abilities, Weirdness & Mutations

Your stone body is resilient. (AC +12)
You are immune to poison.
Your large and strong wings let you fly.
You resist negative energy. (rN+)
You are resistant to electric shocks. (rElec)
You are resistant to unholy torment.
You can survive without breathing.
You are immune to petrification.


Message History

You kill the meliai!
Okawaru accepts your kill.
The meliai invokes the aid of its god against you.
Something smites you!
* * * LOW HITPOINT WARNING * * *
Unknown command.
Okay, then.
Okay, then.
You feel better.
You feel better. You block the boulder beetle's attack.
You feel better. The boulder beetle bites you.
You feel better.
The meliai looks more energetic.
The boulder beetle bites you but does no damage.
You feel better.
The killer bee looks more energetic.
The boulder beetle waves its antennae.
The boulder beetle bites you but does no damage.
You fail to use your ability.
The meliai mumbles some strange prayers to its god against you.
Something smites you!
The boulder beetle bites you but does no damage.
You gain the combat prowess of a mighty hero.
The boulder beetle bites you but does no damage.
You hit the boulder beetle but do no damage.
You block the boulder beetle's attack.
You barely miss the boulder beetle.
The meliai mumbles some strange prayers to its god against you.
Something smites you!
* * * LOW HITPOINT WARNING * * *
The boulder beetle closely misses you.
You hit the boulder beetle but do no damage.
Unknown command.
There is a stone staircase leading down here.
There is an open door here.
The meliai mumbles some strange prayers to its god against you.
Something smites you!
* * * LOW HITPOINT WARNING * * *
The boulder beetle curls into a ball and begins rolling!
The meliai invokes the aid of its god against you.
Something smites you!
You die...

########### # #.........#
.. #.......!.# ..!
####.........# ....
###yyB.........# .†.yy
#yy.##.........##.
.†.yy!##.####.........'..
.....!)y.# #..@......###
..!.yy#### #.........#
##+## #####'##### #<# #.#
##.# #..# #.## #.#


You could see a boulder beetle and a meliai.

Vanquished Creatures
  Donald (Orc:2)
  An orc warlord (Orc:2)
  The ghost of gregwegmann the Grappler, a journeyman TrBe of Trog (Lair:3)
  An ettin (Orc:1)
  9 hydras
  Harold (Orc:1)
  A merfolk avatar (Lair:6)
  19 two-headed ogres
  A death yak (Lair:6)
  4 ogre magi (Orc:2)
  Urug (Lair:4)
  Nergalle (Lair:2)
  A sea snake (Lair:6)
  9 orc knights
  2 lindwurms
  Pikel (D:5)
  3 orc sorcerers (Orc:2)
  2 cyclopes
  2 manticores (Lair:6)
  3 elephants (Lair:6)
  6 black mambas
  2 torpor snails
  A gargoyle (D:11)
  Joseph (D:7)
  3 kobold demonologists
  3 unseen horrors
  6 rime drakes (Lair:6)
  20 cane toads
  12 komodo dragons
  Maggie (D:8)
  A meliai (D:12)
  3 trolls
  2 polar bears (Lair:5)
  A queen bee (D:12)
  3 hornets (Lair:6)
  Grinder (D:3)
  A wind drake (Lair:6)
  27 blink frogs
  9 slime creatures
  2 meliai zombies (D:10)
  2 shadows
  30 yaks
  Sigmund (D:5)
  Eustachio (D:5)
  6 basilisks
  2 wraiths (D:11)
  4 wyverns
  A steam dragon (D:4)
  4 wargs
  Edmund (D:6)
  A swamp worm (Lair:2)
  An acid dragon (D:12)
  21 water moccasins
  Duvessa (D:4)
  A hornet zombie (D:8)
  An ice beast (D:5)
  4 black bears
  2 necrophages
  28 orc warriors
  10 wolves
  26 ogres
  2 centaurs
  4 kobold brigands
  Blork the orc (D:4)
  15 bullfrogs
  2 scorpions
  2 gnoll sergeants (D:10)
  Dowan (D:4)
  16 killer bees
  3 electric eels (Lair:4)
  3 howler monkeys
  11 wights (D:9)
  A bullfrog zombie (D:4)
  A centaur zombie (D:6)
  5 hounds
  3 jellies
  2 gnoll shamans (D:7)
  16 orc priests
  A centaur skeleton (D:5)
  2 iguanas (D:6)
  24 orc wizards
  2 scorpion zombies (D:4)
  A killer bee zombie (D:7)
  A howler monkey zombie (D:6)
  19 gnolls
  5 adders
  2 white imps (D:8)
  An ufetubus (D:4)
  An adder zombie (D:4)
  2 worms
  The ghost of jasper the Sneak, a weakling DsDe (D:5)
  105 orcs
  2 ball pythons
  5 endoplasms
  3 giant cockroaches
  7 goblins
  8 hobgoblins
  6 jackals
  3 quokkas
  5 bats
  3 frilled lizards
  27 kobolds
  2 rats
643 creatures vanquished.

Vanquished Creatures (others)
  A hobgoblin (D:7)
  3 bushes (D:7)
  24 fungi
  60 plants
88 creatures vanquished.

Grand Total: 731 creatures vanquished

Notes
Turn   | Place    | Note
-------+----------+-------------------------------------------
     0 | D:1      | timneilson the Gargoyle Fighter began the quest for the
                  | Orb.
     0 | D:1      | Reached XP level 1. HP: 14/14 MP: 1/1
   195 | D:1      | Reached XP level 2. HP: 17/19 MP: 2/2
   800 | D:2      | Reached XP level 3. HP: 17/23 MP: 3/3
   900 | D:2      | Reached XP level 4. HP: 18/28 MP: 4/4
  1128 | D:2      | Found a sparkling altar of Nemelex Xobeh.
  1247 | D:2      | Reached skill level 4 in Shields
  1647 | D:3      | Found a faded altar of an unknown god.
  1687 | D:3      | Reached XP level 5. HP: 33/33 MP: 5/5
  1722 | D:3      | Noticed Grinder
  1722 | D:3      | Paralysed by Grinder for 6 turns
  1735 | D:3      | Paralysed by Grinder for 2 turns
  1738 | D:3      | Killed Grinder
  1739 | D:3      | Reached skill level 5 in Armour
  1739 | D:3      | Reached skill level 5 in Shields
  1739 | D:3      | Reached XP level 6. HP: 15/38 MP: 6/6
  2049 | D:3      | Found Eweuwk's Antique Armour Boutique.
  2432 | D:4      | Found a shimmering altar of Xom.
  2434 | D:4      | Found a sacrificial altar of Ru.
  2434 | D:4      | Found an iron altar of Okawaru.
  2457 | D:4      | Found a sparkling altar of Nemelex Xobeh.
  2464 | D:4      | Became a worshipper of Warmaster Okawaru
  2530 | D:4      | Found a staircase to the Ecumenical Temple.
  2549 | Temple   | Entered the Ecumenical Temple
  2895 | D:4      | Noticed Duvessa
  2896 | D:4      | Noticed Dowan
  2902 | D:4      | Killed Duvessa
  2903 | D:4      | Reached XP level 7. HP: 28/44 MP: 7/7
  2907 | D:4      | Killed Dowan
  3178 | D:4      | Noticed Blork the orc
  3191 | D:4      | Killed Blork the orc
  3191 | D:4      | Reached * piety under Okawaru
  3192 | D:4      | Reached skill level 1 in Invocations
  3441 | D:4      | Noticed a steam dragon
  3454 | D:4      | Killed a steam dragon
  3750 | D:4      | Reached XP level 8. HP: 48/48 MP: 9/9
  3751 | D:4      | Found a basalt altar of Yredelemnul.
  3766 | D:4      | Reached skill level 6 in Shields
  3854 | D:5      | Entered Level 5 of the Dungeon
  3883 | D:5      | Found a runed translucent door.
  3886 | D:5      | Noticed jasper's ghost (weakling DsDe)
  3925 | D:5      | Killed jasper's ghost
  4006 | D:5      | Noticed Pikel
  4007 | D:5      | Paralysed by Pikel for 2 turns
  4052 | D:5      | Paralysed by Pikel for 6 turns
  4061 | D:5      | Killed Pikel
  4061 | D:5      | Reached ** piety under Okawaru
  4062 | D:5      | Reached skill level 5 in Fighting
  4062 | D:5      | Reached skill level 5 in Long Blades
  4062 | D:5      | Reached skill level 1 in Evocations
  4507 | D:5      | Noticed Sigmund
  4536 | D:5      | Killed Sigmund
  4537 | D:5      | Reached XP level 9. HP: 23/54 MP: 11/11
  4537 | D:5      | Found a hide-covered altar of Uskayaw.
  4537 | D:5      | You fall into a shaft and drop 2 floors!
  4720 | D:7      | Reached skill level 7 in Shields
  4858 | D:7      | Noticed Joseph
  4877 | D:7      | Killed Joseph
  4877 | D:7      | Reached *** piety under Okawaru
  5315 | D:5      | Found a glowing silver altar of Zin.
  5319 | D:5      | Noticed Eustachio
  5329 | D:5      | Killed Eustachio
  5472 | D:5      | Identified a scroll of acquirement
  5472 | D:5      | Acquired the +0 pair of gloves of Inquiry {rCorr Dex+3}
  5832 | D:6      | Noticed Edmund
  5850 | D:6      | Killed Edmund
  5850 | D:6      | Reached **** piety under Okawaru
  5851 | D:6      | Reached skill level 8 in Shields
  6096 | D:6      | Reached XP level 10. HP: 52/60 MP: 10/13
  6377 | D:7      | Found a shimmering blue altar of Sif Muna.
  6387 | D:7      | Found an ancient bone altar of Kikubaaqudgha.
  6408 | D:7      | Found a radiant altar of Vehumet.
  6728 | D:7      | Found a bloodstained altar of Trog.
  6805 | D:8      | Noticed a cyclops
  6814 | D:8      | Killed a cyclops
  6824 | D:8      | Found Jugish's General Store.
  6855 | D:8      | Noticed Maggie
  6886 | D:8      | Killed Maggie
  7097 | D:8      | Found a staircase to the Lair.
  7462 | D:8      | Reached skill level 9 in Shields
  8033 | D:9      | Reached skill level 5 in Invocations
  8090 | D:9      | Reached ***** piety under Okawaru
  8103 | D:9      | Reached XP level 11. HP: 55/66 MP: 14/14
  8613 | D:9      | Identified the +10 mace of Osomevut {flame, +Blink rC+
                  | Will- Str+6}
  8735 | D:9      | Found a blossoming altar of Fedhas.
  8906 | D:10     | Entered Level 10 of the Dungeon
  8952 | D:10     | Found Oschooje's Assorted Antiques.
  9270 | D:10     | Received a gift from Okawaru
  9341 | D:10     | Noticed a sixfirhy
  9353 | D:10     | Reached skill level 10 in Armour
  9453 | D:10     | Noticed a hell knight
  9810 | D:11     | Reached skill level 10 in Shields
  9946 | D:11     | Found a staircase to the Orcish Mines.
  9957 | D:11     | Found a broken altar of Ashenzari.
 10050 | D:11     | Noticed a seven-headed hydra
 10063 | D:11     | Killed a one-headed hydra
 10389 | D:11     | Reached skill level 5 in Evocations
 10446 | D:11     | Noticed a two-headed ogre
 10459 | D:11     | Killed a two-headed ogre
 10459 | D:11     | Received a gift from Okawaru
 10582 | D:11     | Reached XP level 12. HP: 73/73 MP: 16/16
 10938 | Lair:1   | Entered Level 1 of the Lair of Beasts
 11467 | Lair:1   | Received a gift from Okawaru
 12150 | Lair:2   | Noticed Nergalle
 12160 | Lair:2   | Killed Nergalle
 12166 | Lair:2   | Reached skill level 11 in Shields
 12171 | Lair:2   | Found a staircase to the Snake Pit.
 12951 | Lair:2   | Noticed a six-headed hydra
 12973 | Lair:2   | Killed a three-headed hydra
 12973 | Lair:2   | Reached ****** piety under Okawaru
 12977 | Lair:2   | Noticed an eight-headed hydra
 12993 | Lair:2   | Killed a three-headed hydra
 13233 | Lair:2   | Found a staircase to the Swamp.
 13327 | Lair:3   | Received a gift from Okawaru
 13424 | Lair:3   | Reached XP level 13. HP: 70/79 MP: 18/18
 13719 | Lair:3   | Found a transporter.
 13721 | Lair:3   | Noticed gregwegmann's ghost (journeyman TrBe)
 13738 | Lair:3   | Found a transporter.
 14285 | Lair:3   | Acquired 869 gold pieces
 14287 | Lair:3   | Acquired 773 gold pieces
 14365 | Lair:4   | Reached skill level 10 in Long Blades
 14516 | Lair:4   | Reached skill level 12 in Shields
 15536 | Lair:4   | Noticed Urug
 15555 | Lair:4   | Killed Urug
 15966 | Lair:5   | Received a gift from Okawaru
 15967 | Lair:5   | Found the +27 Lear's hauberk
 16945 | Lair:6   | Entered Level 6 of the Lair of Beasts
 17211 | Lair:6   | Gained mutation: Your large and strong wings let you fly.
                  | [Gargoyle growth]
 17211 | Lair:6   | Reached XP level 14. HP: 74/86 MP: 20/20
 17394 | Lair:6   | Identified the +3 short sword of Doom {freeze, *Rage rPois
                  | rC+++ Stlth+}
 17529 | Lair:6   | Received a gift from Okawaru
 17543 | Lair:6   | Reached skill level 13 in Shields
 17893 | Lair:6   | Found a staircase to the Slime Pits.
 18704 | Lair:3   | Killed gregwegmann's ghost
 18704 | Lair:3   | Identified the +11 falchion "Zoymano" {drain, +Inv}
                  | (Okawaru gifted it to you on level 3 of the Lair of Beasts)
 18704 | Lair:3   | Received a gift from Okawaru
 18918 | Orc:1    | Entered Level 1 of the Orcish Mines
 18924 | Orc:1    | Noticed Harold
 18941 | Orc:1    | Killed Harold
 19165 | Orc:1    | Found a flagged portal.
 19184 | Orc:1    | Reached skill level 10 in Fighting
 19210 | Bailey   | Entered a bailey
 19400 | Bailey   | Reached skill level 14 in Shields
 19400 | Bailey   | Reached XP level 15. HP: 92/92 MP: 19/22
 19436 | Bailey   | Received a gift from Okawaru
 20080 | Orc:2    | Entered Level 2 of the Orcish Mines
 20108 | Orc:2    | Noticed an orc warlord
 20135 | Orc:2    | Killed an orc warlord
 20197 | Orc:2    | Reached XP level 16. HP: 95/98 MP: 21/23
 20262 | Orc:2    | Received a gift from Okawaru
 20269 | Orc:2    | Reached skill level 15 in Shields
 20619 | Orc:2    | Reached skill level 10 in Invocations
 20677 | Orc:2    | Found Ogios's Jewellery Shop.
 20684 | Orc:2    | Found Duishraa's Distillery.
 20684 | Orc:2    | Found Gekhirgh's Magic Scroll Boutique.
 20684 | Orc:2    | Found Azaakk's Magic Scroll Shoppe.
 21258 | Orc:2    | Bought a potion of haste for 130 gold pieces
 21258 | Orc:2    | Bought a potion of attraction for 39 gold pieces
 21258 | Orc:2    | Bought a potion of might for 52 gold pieces
 21258 | Orc:2    | Bought a potion of might for 52 gold pieces
 21261 | Orc:2    | Bought a ring of resist corrosion for 260 gold pieces
 21261 | Orc:2    | Bought the ring "Koatirid" {rC+ Str+4 Slay+3 SInv} for 650
                  | gold pieces
 21264 | Orc:2    | Bought a scroll of enchant weapon for 82 gold pieces
 21264 | Orc:2    | Bought a scroll of identify for 22 gold pieces
 21264 | Orc:2    | Bought a scroll of holy word for 82 gold pieces
 21264 | Orc:2    | Bought a scroll of magic mapping for 38 gold pieces
 21264 | Orc:2    | Bought a scroll of enchant weapon for 82 gold pieces
 21264 | Orc:2    | Bought a scroll of teleportation for 33 gold pieces
 21264 | Orc:2    | Bought a scroll of identify for 22 gold pieces
 21264 | Orc:2    | Bought a scroll of magic mapping for 38 gold pieces
 21264 | Orc:2    | Bought 2 scrolls of magic mapping for 77 gold pieces
 21264 | Orc:2    | Bought 3 scrolls of enchant armour for 247 gold pieces
 21265 | Orc:2    | Bought a scroll of identify for 34 gold pieces
 21265 | Orc:2    | Bought a scroll of teleportation for 51 gold pieces
 21265 | Orc:2    | Bought a scroll of enchant armour for 127 gold pieces
 21265 | Orc:2    | Bought a scroll of identify for 34 gold pieces
 21323 | Orc:2    | Found a staircase to the Elven Halls.
 21411 | Orc:2    | Noticed Donald
 21439 | Orc:2    | Killed Donald
 22183 | D:12     | Killed from afar by a meliai

Illustrated notes

Levels and vault maps discovered:
D:1:      saegor_arrival_miasma, layout_basic
D:2:      cheibrodos_helix_gallery, layout_rooms, basic_altar, serial_curves,
          eino_curves_04, eino_curves_02, eino_curves_02, eino_curves_03,
          minmay_misc_feat_iff
D:3:      wad_pebble_path, layout_rooms, serial_shops, shop,
          basic_ecumenical_altar, amcnicky_mini_pool_small, uniq_grinder
D:4:      layout_basic, nicolae_yredelemnul_corpse_copse,
          grunt_temple_overflow_open, minmay_temple_entry_statues_fountains,
          kennysheep_generic_room_14, uniq_duvessa, uniq_blork_the_orc
D:5:      layout_basic, chequers_temple_overflow_statue_of_worship,
          ebering_ghost_reflecting_pool, uniq_sigmund, uniq_pikel,
          uniq_eustachio
D:6:      layout_basic, uniq_edmund
D:7:      layout_rooms, palyth_temple_overflow_mages, trog_hazing_becter,
          minivault_4, minmay_hedge_maze, uniq_joseph
D:8:      layout_loops_ring, erik_lair_island, serial_shops, shop,
          minmay_crossroads, uniq_maggie
D:9:      layout_cave_pools, marbit_many_paths
D:10:     layout_roguey, serial_shops, shop_statue, minmay_rotating_lava
D:11:     layout_basic, david_orc_5, ashenzari_altar_1
D:12:     layout_roguey [special_room_bee],
          ploomutoo_gammafunk_ghost_potion_laboratory, special_room
          [special_room_orc], feat_on_display
Temple:   cyrus_temple_forest
Lair:1:   layout_small_grid
Lair:2:   layout_regular_city, palyth_hydra_swamp_entry, dummy_snake_entry,
          uniq_nergalle
Lair:3:   layout_loops_ring, gammafunk_ghost_arena, beast_lair_carwin_10,
          serial_bayou_shore_b, serial_bayou_shore_b, infiniplex_staircase_pool
Lair:4:   layout_long_grid, wad_woods_river_01, serial_bayou_shore_a,
          lemuel_fruit_tree, uniq_urug
Lair:5:   layout_loops_ring, serial_forest, infiniplex_forest_clump_double,
          infiniplex_forest_zigzag_1, infiniplex_forest_lined_room_3,
          infiniplex_forest_straight_2, infiniplex_forest_clump_curved,
          infiniplex_forest_corner_1, infiniplex_forest_lined_2,
          infiniplex_forest_corner_1, infiniplex_forest_clump_medium,
          infiniplex_forest_straight_1
Lair:6:   gammafunk_lair_ancient_temple, layout_gridlike,
          dpeg_slime_entry_corner, chequers_serial_rivers_small_b,
          lemuel_fruit_fields
Orc:1:    layout_caves, basic_altar, enter_bailey_1, uniq_harold
Orc:2:    st_orc_ogre_mass, layout_caves, uniq_donald

Skill      XL: |  1  2  3  4  5  6  7  8  9 10 11 12 13 14 15 16 |
---------------+-------------------------------------------------+-----
Long Blades    | 2 3 4 5 6 7 8 9 10 11 12 | 12.4
Armour         | 4 5 6 8 9 10 11 12 13 14 | 14.6
Shields        | 4 5 6 8 9 10 11 12 14 15 | 15.7
Fighting       | 4 5 6 7 8 9 10 | 10.9
Invocations    | 1 2 4 5 6 7 8 9 10 | 10.2
Evocations     | 1 3 4 5 6 7 8 |  8.5

Action                   |  1- 3 |  4- 6 |  7- 9 | 10-12 | 13-15 | 16-18 || total
-------------------------+-------+-------+-------+-------+-------+-------++-------
Melee: Long sword        |    72 |   147 |   322 |    75 |       |       ||   616
       Scimitar          |       |       |       |   648 |   548 |       ||  1196
       Falchion          |       |       |       |       |   297 |   204 ||   501
       Double sword      |       |       |       |       |       |   126 ||   126
Invok: Heroism           |       |       |     5 |    15 |    16 |    12 ||    48
       Finesse           |       |       |       |       |     7 |     5 ||    12
Evoke: Wand              |       |       |       |       |     1 |       ||     1
       Tin of tremorston |       |       |       |       |     2 |       ||     2
  Use: Scroll            |     2 |     4 |     7 |    10 |     6 |     3 ||    32
       Potion            |       |     2 |     1 |     4 |     5 |     7 ||    19
Armor: Scale mail        |    53 |    62 |       |       |       |       ||   115
       Chain mail        |       |    32 |   166 |   182 |       |       ||   380
       Plate armour      |       |       |       |   191 |   352 |       ||   543
       Crystal plate arm |       |       |       |       |    29 |   132 ||   161
Dodge: Dodged            |    19 |    32 |    67 |   196 |   190 |    67 ||   571
Block: Kite shield       |    59 |    80 |   228 |   562 |   642 |   236 ||  1807
       Rpst.: Long sword |     7 |    10 |    16 |    11 |       |       ||    44
       Scimitar          |       |       |       |    49 |    42 |       ||    91
       Falchion          |       |       |       |       |    18 |     5 ||    23
       Double sword      |       |       |       |       |       |     4 ||     4

Table legend: (Time is in decaauts)
 A = Elapsed time spent in this place.
 B = Non-inter-level travel time spent in this place.
 C = Inter-level travel time spent in this place.
 D = Time resting spent in this place.
 E = Time spent auto-exploring this place.
 F = Levels seen in this place.
 G = Mean time per level.
                   A        B        C        D        E       F      G
               +--------+--------+--------+--------+--------+-----+--------+
         Total |  21980 |  20922 |   1058 |   1492 |  14749 |  22 |  999.1 |
       Dungeon |  11570 |  11041 |    529 |    571 |   7877 |  12 |  964.2 |
        Temple |     83 |     44 |     39 |      0 |     43 |   1 |   83.0 |
          Lair |   7849 |   7408 |    441 |    210 |   5884 |   6 | 1308.2 |
  Orcish Mines |   2042 |   1994 |     48 |    521 |    857 |   2 | 1021.0 |
        Bailey |    433 |    433 |      0 |    190 |     88 |   1 |  433.0 |
               +--------+--------+--------+--------+--------+-----+--------+

Top non-repeatable levels by time:
  Lair:6: 1605 daAuts
  Lair:4: 1563 daAuts
     D:4: 1381 daAuts
  Lair:1: 1255 daAuts
    D:11: 1252 daAuts
  Lair:2: 1184 daAuts
  Lair:5: 1134 daAuts
     D:9: 1122 daAuts
   Orc:2: 1117 daAuts
  Lair:3: 1107 daAuts
     D:8: 1069 daAuts
     D:5: 1067 daAuts
     D:7: 1013 daAuts
     D:6: 937 daAuts
   Orc:1: 925 daAuts
